 Seeded DCSS version 0.28-a0-938-gbc3f381ebc (webtiles) character file.

Game seed: 20211129 (custom seed)

79 a11behringer the Vexing (level 4, -3/32 HPs)
             Began as a Formicid Arcane Marksman on Nov 29, 2021.
             Slain by a gnoll (5 damage)
             ... on level 3 of the Dungeon.
             The game lasted 00:10:35 (1943 turns).

a11behringer the Vexing (Formicid Arcane Marksman)  Turns: 1943, Time: 00:10:36

Health: -3/32      AC:  4    Str: 14    XL:     4   Next: 62%
Magic:  5/6        EV: 12    Int: 14    God:
Gold:   66         SH:  0    Dex: 11    Spells: 5/6 levels left

rFire   . . .      SeeInvis +   i - +4 short sword
rCold   . . .      Faith    .   (no shield)
rNeg    . . .      Spirit   .   d - +0 robe
rPois   .          Reflect  .   (helmet unavailable)
rElec   .          Harm     .   p - scarf {+Inv}
rCorr   .          Rampage  .   (no gloves)
Will    .....                   k - +1 pair of boots
Stlth   +.........              (no amulet)
HPRegen 0.10/turn               (no ring)
MPRegen 0.10/turn               (no ring)

@: no status effects
A: permanent stasis, dig shafts and tunnels, antennae 3, four strong arms
a: Dig, Shaft Self, Evoke Invisibility


You were on level 3 of the Dungeon.
You visited 1 branch of the dungeon, and saw 3 of its levels.

You collected 66 gold pieces.

Inventory:

Hand Weapons
 a - a +0 hunting sling
 b - a +0 dagger
 i - a +4 short sword (weapon)
Missiles
 c - 53 sling bullets
 j - 30 stones (quivered)
Armour
 d - a +0 robe (worn)
 k - a +1 pair of boots (worn)
 m - a +0 pair of boots
 p - a scarf of invisibility (worn)
 q - a +0 kite shield
Scrolls
 g - a scroll of fog {unknown}
 h - 3 scrolls of teleportation {unknown}
 o - a scroll of noise {unknown}
 r - a scroll of enchant armour {unknown}
 s - a scroll of enchant weapon {unknown}
Potions
 e - 2 potions of haste
 f - 2 potions of might
 l - a potion of cancellation {unknown}
 n - a potion of berserk rage {unknown}
 t - a potion of degeneration {unknown}


   Skills:
 + Level 1.3 Fighting
 * Level 1.5 Short Blades
 - Level 3.2 Slings
 + Level 2.1 Dodging
 + Level 1.0 Stealth
 + Level 1.5 Spellcasting
 + Level 4.1 Hexes


You had 5 spell levels left.
You knew the following spells:

 Your Spells              Type           Power      Damage    Failure   Level
a - Slow                  Hex            48%        N/A       4%          1

Your spell library contained the following spells:

 Spells                   Type           Power      Damage    Failure   Level
 Inner Flame              Hex/Fire       6%         N/A       32%         3
 Portal Projectile        Hex/Tloc       12%        N/A       32%         3
 Cause Fear               Hex            6%         N/A       41%         4
 Dispersal                Tloc           0%         N/A       100%        6
 Disjunction              Tloc           0%         N/A       100%        8


Dungeon Overview and Level Annotations

Branches:
Dungeon (3/15)

Altars:

Shops:
D:2 =


Innate Abilities, Weirdness & Mutations

You cannot be hasted, slowed, berserked, paralysed or teleported.
You can dig through walls and to a lower floor.
You have a pair of large antennae on your head. (SInv)
Your four strong arms can wield two-handed weapons with a shield.


Message History

The frilled lizard seems to slow down.
Things that are here:
a rat corpse; a jackal corpse; a jackal corpse The frilled lizard bites you.
You hit the frilled lizard.
You kill the frilled lizard!
Magic restored.
You sense a monster nearby.
Found a stone staircase leading up. 2 gnolls come into view.
Found a spear.
The gnoll shouts!
You hear a shout!
The gnoll shouts!
A gnoll comes into view. It is wielding a +0 club.
Casting: Slow (safe; 4% risk of failure)
Confirm with . or Enter, or press ? or * to list all spells.
Aiming: Slow (safe; 4% risk of failure)
Press: ? - help, Shift-Dir - straight line, f - gnoll
Aim: a gnoll, wielding a +0 spear, wearing a +0 robe and quivering stones (chance to affect: 57%)
The gnoll resists with significant effort.
The gnoll barely misses you. The gnoll barely misses you.
You closely miss the gnoll. The gnoll hits you with a +0 spear!
You hit the gnoll.
The gnoll is heavily wounded.
The gnoll hits you with a +0 spear.
* * * LOW HITPOINT WARNING * * *
You hit the gnoll.
The gnoll is heavily wounded.
A rat comes into view.
The gnoll closely misses you. The gnoll hits you with a +0 whip.
* * * LOW HITPOINT WARNING * * *
An adder comes into view.
The adder hisses angrily.
You hit the gnoll but do no damage.
The gnoll is heavily wounded.
The gnoll barely misses you.
You barely miss the gnoll.
The gnoll is heavily wounded.
The gnoll hits you with a +0 spear.
You die...

.. ...# #.. .#.
##..# #.. .. ....
..## #.. #..# #.. .
#..# #... #.###..#
#..#.#..###.......
............####..#
#.###..##@g......
#..<†)###gg##<...
###.### ..... #.
#.........r..
.....#...#...#
#######...#.S..#
#...# ..). .....
....


You could see 3 gnolls, an adder and a rat.

Vanquished Creatures
  5 adders (D:2)
  An orc (D:3)
  4 endoplasms
  A giant cockroach (D:2)
  2 goblins
  A hobgoblin (D:2)
  4 jackals (D:3)
  2 kobolds (D:1)
  3 quokkas
  3 ball pythons
  2 bats (D:2)
  2 frilled lizards
  4 rats
34 creatures vanquished.

Notes
Turn   | Place    | Note
-------+----------+-------------------------------------------
     0 | D:1      | a11behringer the Formicid Arcane Marksman began the quest
                  | for the Orb.
     0 | D:1      | Reached XP level 1. HP: 15/15 MP: 2/2
   291 | D:1      | Found a faded altar of an unknown god.
   335 | D:1      | Reached XP level 2. HP: 21/21 MP: 3/3
   909 | D:2      | Reached XP level 3. HP: 26/26 MP: 1/4
   912 | D:2      | Reached skill level 4 in Hexes
  1184 | D:2      | Found Fupram's Jewellery Boutique.
  1258 | D:2      | Reached skill level 1 in Short Blades
  1258 | D:2      | Reached XP level 4. HP: 32/32 MP: 6/6
  1460 | D:2      | Reached skill level 1 in Stealth
  1943 | D:3      | Slain by a gnoll

Illustrated notes

Levels and vault maps discovered:
D:1:      heliophobic_arrival_dark_side_of_the_moon, layout_rooms,
          serial_corexii_hall, corexii_hall_statues_x, chequers_hall_statues_y,
          basic_ecumenical_altar
D:2:      layout_loops_ring, serial_shops, shop
D:3:      layout_basic, minmay_misc_feat_nine_boxes

Skill      XL: |  1  2  3  4 |
---------------+-------------+-----
Dodging        | 2 |  2.1
Slings         | 3 |  3.2
Hexes          | 4 |  4.1
Short Blades   | 1 |  1.5
Stealth        | 1 |  1.0
Fighting       | |  1.3
Spellcasting   | |  1.5

Action                   |  1- 3 |  4- 6 || total
-------------------------+-------+-------++-------
Melee: Short sword       |    27 |    61 ||    88
 Fire: Hunting sling     |    36 |       ||    36
 Cast: Slow              |    14 |     7 ||    21
  Use: Scroll            |     4 |       ||     4
 Stab: Sleeping          |     2 |       ||     2
Armor: Robe              |     8 |    31 ||    39
Dodge: Dodged            |    20 |    63 ||    83

Table legend: (Time is in decaauts)
 A = Elapsed time spent in this place.
 B = Non-inter-level travel time spent in this place.
 C = Inter-level travel time spent in this place.
 D = Time resting spent in this place.
 E = Time spent auto-exploring this place.
 F = Levels seen in this place.
 G = Mean time per level.
                   A        B        C        D        E       F      G
               +--------+--------+--------+--------+--------+-----+--------+
         Total |   1944 |   1515 |    429 |      0 |   1185 |   3 |  648.0 |
       Dungeon |   1944 |   1515 |    429 |      0 |   1185 |   3 |  648.0 |
               +--------+--------+--------+--------+--------+-----+--------+

Top non-repeatable levels by time:
     D:2: 1107 daAuts
     D:1: 707 daAuts
     D:3: 129 daAuts
